 Dungeon Crawl Stone Soup version 0.32-a0-893-gf85d74f360 (webtiles) character file.

Game seed: 4088779674936832661

18481 pokedragonboy the Placeless Armataur (level 12, 0/102 HPs)
             Began as an Armataur Warper on Apr 3, 2024.
             Was a High Priest of Cheibriados.
             Killed from afar by a rime drake (9 damage)
             ... with an icy flash freeze
             ... on level 2 of the Lair of Beasts.
             The game lasted 01:02:09 (14443 turns).

pokedragonboy the Placeless Armataur (AtWr)        Turns: 14443, Time: 01:02:10

Health: 0/102      AC: 12    Str: 35    XL:     12   Next: 28%
Magic:  17/18      EV:  9    Int: 27    God:    Cheibriados [*****.]
Gold:   146        SH:  5    Dex: 25    Spells: 5/19 levels left

rFire   + . .        a - +2 war axe
rCold   . . .        (no shield)
rNeg    + . .        i - +1 leather armour of Ulekkomm {rN+ Will+}
rPois   .            (no helmet)
rElec   .            (no cloak)
rCorr   .            M - +0 pair of gloves
SInv    .            (no barding)
Will    +....        J - amulet of reflection
Stlth   ++           o - +4 ring of protection
HPRegen 0.37/turn    p - ring of protection from fire
MPRegen 0.16/turn

%: reflection, roll
@: very slow
A: large, deformed body, tough skin 3, armoured tail, rollpage 2
a: Renounce Religion, Bend Time, Temporal Distortion, Slouch, Step From Time


You were on level 2 of the Lair of Beasts.
You worshipped Cheibriados.
Cheibriados was extremely pleased with you.
You visited 3 branches of the dungeon, and saw 14 of its levels.
You also visited: Ossuary.

You collected 502 gold pieces.
You spent 356 gold pieces at shops.

Inventory:

Hand Weapons
 a - a +2 war axe (weapon)
 b - the +2 mace of Werch {freeze, rC- rN++ Dex+5}
   (You bought it in a shop on level 6 of the Dungeon)

   Dex+5:     It affects your dexterity (+5).
   rC-:       It makes you vulnerable to cold.
   rN++:      It greatly protects you from negative energy.
 y - the +8 quarterstaff of the Burning Gnat {elec, ^Fragile Fly rF+++ rC-}
   (You took it off an orc on level 7 of the Dungeon)

   rF+++:     It renders you almost immune to fire.
   rC-:       It makes you vulnerable to cold.
   Fly:       It grants you flight.
   ^Fragile:  It will be destroyed if unequipped.
 Q - the +1 short sword of the Bespelling Gods {flame, rPois rN+ MP-9 Int+2}
   (You found it on level 2 of the Lair of Beasts)

   Int+2:     It affects your intelligence (+2).
   rPois:     It protects you from poison.
   rN+:       It protects you from negative energy.
   MP-9:      It affects your magic capacity (-9).
Missiles
 d - 5 darts of dispersal (quivered)
 t - 3 curare-tipped darts
 C - 30 poisoned darts
 N - 2 throwing nets
Armour
 i - the +1 leather armour of Ulekkomm (worn) {rN+ Will+}
   (You took it off a kobold on level 4 of the Dungeon)

   rN+:       It protects you from negative energy.
   Will+:     It increases your willpower.
 s - a +0 plate armour
 M - a +0 pair of gloves (worn)
Jewellery
 f - an amulet of faith
 o - a +4 ring of protection (left hand)
 p - a ring of protection from fire (right hand)
 w - a ring of flight
 J - an amulet of reflection (around neck)
Wands
 z - a wand of paralysis (8)
 K - a wand of flame (15)
 O - a wand of digging (1)
Scrolls
 c - 3 scrolls of blinking
 h - 2 scrolls of immolation
 j - 2 scrolls of fog
 k - 4 scrolls of noise
 l - 3 scrolls of teleportation
 m - a scroll of poison
 r - 5 scrolls of vulnerability
 x - a scroll of butterflies
 B - 2 scrolls of amnesia
 F - a scroll of revelation
 L - a scroll of torment
 P - a scroll of enchant armour
Potions
 e - 5 potions of enlightenment
 g - a potion of resistance
 n - 3 potions of heal wounds
 q - a potion of berserk rage
 u - 3 potions of haste
 v - 2 potions of brilliance {unknown}
 A - a potion of mutation
 D - a potion of invisibility
 E - a potion of degeneration
 G - a potion of might
 H - 2 potions of curing
 I - a potion of attraction {unknown}


   Skills:
 + Level 8.2 Fighting
 * Level 10.5 Axes
 - Level 0.8 Throwing
 - Level 8.6 Armour
 - Level 1.3 Dodging
 - Level 4.0 Spellcasting
 + Level 10.7 Translocations
 - Level 2.0 Air Magic
 + Level 3.9 Invocations


You had 5 spell levels left.
You knew the following spells:

 Your Spells              Type           Power      Damage    Failure   Level
c - Vhi's Electric Charg  Tloc/Air       78%        N/A       6%          4
d - Maxwell's Portable P  Tloc           58%        2d(11-31) 1%          3
j - Teleport Other        Tloc           58%        N/A       1%          3
m - Sublimation of Blood  Necr           5%         N/A       13%         2
n - Blink                 Tloc           100%       N/A       1%          2

Your spell library contained the following spells:

 Spells                   Type           Power      Damage    Failure   Level
 Lesser Beckoning         Tloc           100%       N/A       1%          2
 Shock                    Conj/Air       40%        1d5       5%          1
 Foxfire                  Conj/Fire      20%        2x1d5     9%          1
 Freeze                   Ice            20%        1d4       9%          1
 Dimensional Bullseye     Hex/Tloc       17%        N/A       10%         4
 Swiftness                Air            16%        N/A       11%         3
 Call Canine Familiar     Summ           5%         N/A       26%         3
 Frozen Ramparts          Ice            10%        1d2       26%         3
 Hailstorm                Conj/Ice       5%         3d5       26%         3
 Inner Flame              Hex/Fire       5%         N/A       26%         3
 Sigil of Binding         Hex            5%         N/A       26%         3
 Summon Ice Beast         Ice/Summ       5%         N/A       26%         3
 Airstrike                Air            8%         2d(2-18)  36%         4
 Flame Wave               Conj/Fire      5%         2d5       63%         4
 Petrify                  Alch/Erth      5%         N/A       63%         4
 Sticky Flame             Fire/Alch      5%         2d4       63%         4
 Irradiate                Conj/Alch      2%         3d12      93%         5
 Summon Mana Viper        Hex/Summ       5%         N/A       93%         5
 Plasma Beam              Fire/Air       5%         2x1d15    100%        6
 Starburst                Conj/Fire      2%         6d3       100%        6
 Monstrous Menagerie      Summ           2%         N/A       100%        7


Dungeon Overview and Level Annotations

Branches:
Dungeon (11/15)            Temple (1/1) D:4            Lair (2/5) D:10
Ossuary (visited)
  Swamp: Lair:2-3    Shoals: Lair:2-3     Snake: Lair:2-3    Spider: Lair:2-3
    Orc: D:9-12

Altars:
Ashenzari
Cheibriados
Dithmenos
Elyvilon
Fedhas
Gozag
Hepliaklqana
Kikubaaqudgha
Makhleb
Nemelex Xobeh
Okawaru
Qazlal
Ru
Sif Muna
Trog
Uskayaw
Vehumet
Wu Jian
Xom
Yredelemnul
Zin
The Shining One
Beogh

Shops:
D:4 (   D:6 *(*![   D:9 ?

Annotations:
D:6 3 runed translucent doors, soul19's ghost, amateur DsFi


Innate Abilities, Weirdness & Mutations

Armour fits poorly on your strangely shaped body.
You have extremely tough skin. (AC +3)
You have a long armoured tail.
You regenerate magic and health when rolling toward enemies. (Rampage Regen)


Message History

Okay, then.
Casting: Vhi's Electric Charge (dangerous; 6% risk of failure)
Confirm with . or Enter, or press ? or * to list all spells.
There is nothing nearby that you can slingshot.
Okay, then.
The flow of time bends around you.
Cheibriados rebukes the polar bear.
The polar bear seems to slow down.
The polar bear bites you!
The polar bear claws you but does no damage.
The polar bear claws you.
* * * LOW HITPOINT WARNING * * *
Casting: Maxwell's Portable Piledriver (safe; 1% risk of failure)
Confirm with . or Enter, or press ? or * to list all spells.
Okay, then.
You slash the polar bear!
The polar bear is almost dead.
The polar bear bites you.
* * * LOW HITPOINT WARNING * * *
The polar bear barely misses you. The polar bear claws you.
* * * LOW HITPOINT WARNING * * *
Unknown command.
You barely miss the polar bear.
You tail-slap the polar bear, but do no damage.
The polar bear is almost dead.
You slash the rime drake! The ice encasing you melts away.
The rime drake barely misses you. The polar bear bites you!
* * * LOW HITPOINT WARNING * * *
The polar bear claws you but does no damage. x2
Okay, then.
Blink to where?
Press: ? - help, Dir - move target
As you read the scroll of blinking, it crumbles to dust.
Okay, then.
Okay, then.
Okay, then.
The rime drake breathes ice at you. The icy flash freeze hits you!
You die...
Cheibriados appreciates the motionlessness of death.

..............h......#.....
.......#.#P...÷#PP.#........
.....#........k...#...# ..
#.#..................#......
###.............####.# .....
#....###.......# #..##.....
##...# #.......####.~P.....
##...# #...........~.......
#....###.......@..~~≈~.....
#......###÷.....~≈~~≈≈~....
##.†......#..#÷...~~≈≈~....
#..............<.~≈≈≈~...<
#...............~≈≈≈≈~....
#....###.......~≈≈≈≈~~....
#...## #.......~≈≈≈≈~.....
#...P #.#..#...~≈≈≈≈~..
#.... ###.###..~.≈~....


You could see a rime drake (catching breath).

Vanquished Creatures
  Harold (Lair:1)
  3 two-headed ogres
  Pikel (D:9)
  A cyclops (D:11)
  5 cane toads
  A kobold demonologist (D:10)
  A rime drake (Lair:1)
  A troll (D:10)
  2 komodo dragons
  16 blink frogs
  3 shadows
  2 wyverns
  8 yaks
  A steam dragon (D:8)
  3 vampire mosquitoes (D:10)
  8 water moccasins
  2 orc warriors
  2 ice beasts
  3 sky beasts
  2 black bears
  3 centaurs
  2 ogres
  14 wolves (Lair:1)
  4 lemures (D:9)
  2 phantoms
  An elf zombie (D:7)
  7 bullfrogs
  6 scorpions
  5 kobold brigands
  2 elf skeletons (D:7)
  6 wights
  11 killer bees
  7 howler monkeys
  4 bullfrog zombies (Ossuary)
  3 hounds
  A human zombie (D:7)
  3 jellies
  5 orc priests
  2 gnoll boudas
  Jessica (D:3)
  A sleepcap (D:7)
  4 iguanas
  5 orc wizards
  4 crocodile zombies (Ossuary)
  8 hound zombies (Ossuary)
  2 howler monkey zombies (Ossuary)
  6 mummies (Ossuary)
  15 gnolls
  6 adders
  A dart slug (D:1)
  3 ribbon worms (D:2)
  18 orcs
  7 ball pythons
  8 endoplasms
  5 giant cockroaches
  6 goblins
  2 hobgoblins
  6 jackals
  8 quokkas
  4 ball python zombies (Ossuary)
  7 bats
  8 frilled lizards
  28 kobolds
  2 orc skeletons (D:7)
  7 rats
326 creatures vanquished.

Vanquished Creatures (others)
  A kobold brigand (D:10)
1 creature vanquished.

Grand Total: 327 creatures vanquished

Notes
Turn   | Place    | Note
-------+----------+-------------------------------------------
     0 | D:1      | pokedragonboy the Armataur Warper began the quest for the
                  | Orb.
     0 | D:1      | Reached XP level 1. HP: 17/17 MP: 3/3
   187 | D:1      | Reached XP level 2. HP: 15/24 MP: 4/4
   748 | D:1      | Reached XP level 3. HP: 24/29 MP: 5/5
  1627 | D:2      | Reached XP level 4. HP: 20/36 MP: 6/6
  2112 | D:3      | Noticed a phantom
  2125 | D:3      | Killed a phantom
  2126 | D:3      | Reached XP level 5. HP: 42/42 MP: 7/7
  2129 | D:3      | Learned a level 2 spell: Blink
  2133 | D:3      | Learned a level 3 spell: Teleport Other
  2211 | D:3      | Noticed Jessica
  2224 | D:3      | Killed Jessica
  2358 | D:3      | Found a faded altar of an unknown god.
  2527 | D:4      | Found a staircase to the Ecumenical Temple.
  2542 | Temple   | Entered the Ecumenical Temple
  2551 | Temple   | Became a worshipper of Cheibriados the Contemplative
  2586 | D:4      | Reached XP level 6. HP: 34/50 MP: 8/8
  2654 | D:4      | Gained mutation: You are weak. (Str -2) [potion of
                  | mutation]
  2654 | D:4      | Gained mutation: You have hidden genetic potential. [potion
                  | of mutation]
  2655 | D:4      | Lost mutation: You have hidden genetic potential. [potion
                  | of mutation]
  2655 | D:4      | Lost mutation: You are weak. (Str -2) [potion of mutation]
  2655 | D:4      | Gained mutation: You are weak. (Str -2) [potion of
                  | mutation]
  2655 | D:4      | Lost mutation: You are weak. (Str -2) [potion of mutation]
  2727 | D:4      | Found Kiopaud's Antique Weapon Shop.
  2727 | D:4      | Identified the +1 leather armour of Ulekkomm {rN+ Will+}
  2754 | D:4      | Learned a level 3 spell: Maxwell's Portable Piledriver
  2912 | D:4      | Noticed an ice beast
  2922 | D:4      | Killed an ice beast
  2923 | D:4      | Reached skill level 5 in Translocations
  3056 | D:4      | Gained mutation: You regenerate magic and health when
                  | rolling toward enemies. (Rampage Regen) [Armataur growth]
  3056 | D:4      | Reached XP level 7. HP: 30/57 MP: 9/9
  3302 | D:4      | Reached * piety under Cheibriados
  3452 | D:4      | Found a burning altar of Makhleb.
  4028 | D:4      | Reached ** piety under Cheibriados
  4188 | D:5      | Entered Level 5 of the Dungeon
  4272 | D:5      | Reached XP level 8. HP: 46/66 MP: 10/10
  4530 | D:5      | Reached skill level 5 in Axes
  4855 | D:5      | Reached skill level 5 in Armour
  5259 | D:4      | Found a broken altar of Ashenzari.
  5259 | D:4      | Found a white marble altar of Elyvilon.
  5588 | D:6      | Found Souch's General Store.
  5591 | D:6      | Bought a +0 helmet for 49 gold pieces
  5591 | D:6      | Bought a +0 war axe for 38 gold pieces
  5591 | D:6      | Bought a scroll of teleportation for 33 gold pieces
  5742 | D:6      | Found Feedaa's Armour Shoppe.
  5794 | D:5      | Reached *** piety under Cheibriados
  5976 | D:6      | Found Puozua's Distillery.
  6106 | D:6      | Bought a potion of heal wounds for 60 gold pieces
  6154 | D:6      | Found Poipyt's Weapon Shop.
  6236 | D:6      | Reached XP level 9. HP: 66/72 MP: 8/11
  6272 | D:6      | Found Ydudi's Assorted Antiques.
  6371 | D:6      | Found a runed translucent gate.
  6371 | D:6      | Noticed soul19's ghost (amateur DsFi)
  6371 | D:6      | Identified the +3 chain mail "Zocirgh" {rN+ Str+5}
  6372 | D:6      | Found a runed translucent gate.
  6373 | D:6      | Found a runed translucent gate.
  6653 | D:6      | Found a roughly hewn altar of Beogh.
  6784 | D:7      | Reached skill level 5 in Fighting
  6789 | D:7      | Identified the +8 quarterstaff of the Burning Gnat {elec,
                  | ^Fragile Fly rF+++ rC-}
  7069 | D:7      | Found a sand-covered staircase.
  7076 | Ossuary  | Entered an ossuary
  7090 | Ossuary  | Reached **** piety under Cheibriados
  7680 | D:7      | Reached XP level 10. HP: 83/83 MP: 13/13
  7888 | D:8      | Reached ***** piety under Cheibriados
  7894 | D:8      | Learned a level 4 spell: Vhi's Electric Charge
  8321 | D:8      | Noticed a two-headed ogre
  8338 | D:8      | Killed a two-headed ogre
  8750 | D:8      | Learned a level 2 spell: Sublimation of Blood
  9459 | D:6      | Bought a glimmering mace for 176 gold pieces
  9459 | D:6      | Identified the +2 mace of Werch {freeze, rC- rN++ Dex+5}
                  | (You bought it in a shop on level 6 of the Dungeon)
  9578 | D:9      | Noticed a two-headed ogre
  9587 | D:9      | Killed a two-headed ogre
 10278 | D:9      | Found The Oracle's Delphic Readings.
 10488 | D:9      | Noticed Pikel
 10502 | D:9      | Killed Pikel
 10787 | D:10     | Entered Level 10 of the Dungeon
 10790 | D:10     | Reached XP level 11. HP: 91/91 MP: 11/16
 10879 | D:10     | Reached skill level 1 in Invocations
 11642 | D:10     | Noticed a two-headed ogre
 11847 | D:10     | Found a staircase to the Lair.
 12234 | D:10     | Killed a two-headed ogre
 12524 | D:11     | Noticed a catoblepas
 12746 | Lair:1   | Entered Level 1 of the Lair of Beasts
 13165 | Lair:1   | Noticed Harold
 13174 | Lair:1   | Killed Harold
 13186 | Lair:1   | Reached skill level 1 in Air Magic
 13295 | Lair:1   | Reached skill level 10 in Translocations
 13311 | Lair:1   | Reached skill level 10 in Axes
 13431 | Lair:1   | Reached XP level 12. HP: 56/101 MP: 1/18
 13592 | Lair:1   | Reached ****** piety under Cheibriados
 14067 | Lair:2   | Identified the +1 short sword of the Bespelling Gods
                  | {flame, rPois rN+ MP-9 Int+2}
 14443 | Lair:2   | Killed from afar by a rime drake

Illustrated notes

Levels and vault maps discovered:
D:1:      amcnicky_arrival_single_pillar, layout_loops_corners, st_stairs_3,
          dk_noncrumbling_4
D:2:      layout_loops_ring
D:3:      layout_rooms, ebering_ecumenical_altar_box, uniq_jessica
D:4:      layout_basic, nicolae_overflow_hidden_temple,
          minmay_temple_entry_arrows, nicolae_stop_n_shop_1
D:5:      layout_gridville, chequers_serial_rivers_room_a
D:6:      layout_loops_ring, serial_shops, shop,
          nicolae_shop_bloodbath_and_beyond, shop, nicolae_shop_crystal,
          nicolae_stop_n_shop_1, biasface_ghost_orc_armoury
D:7:      layout_basic, nicolae_ossuary_entry_catacombs
D:8:      layout_layer_cave, minmay_circle_x
D:9:      layout_cave_pods, nicolae_nh_oracle_at_delphi, uniq_pikel
D:10:     layout_loops_ring, david_lair_shrubbed, minmay_quadrilaterals
D:11:     layout_basic
Temple:   compressed_dpeg_triangle_lava_temple
Lair:1:   layout_chaotic_city, minmay_hedge_maze,
          chequers_serial_rivers_large_a, grunt_megastairs_3, uniq_harold
Lair:2:   layout_gridlike, guppyfry_snake_entry_garden,
          infiniplex_staircase_pool

Skill      XL: |  1  2  3  4  5  6  7  8  9 10 11 12 |
---------------+-------------------------------------+-----
Axes           | 2 3 4 5 7 8 10 | 10.5
Fighting       | 2 3 4 5 6 7 8 |  8.2
Armour         | 2 3 4 5 7 8 |  8.6
Translocations | 4 5 6 7 8 10 | 10.7
Spellcasting   | 2 3 4 |  4.0
Invocations    | 3 |  3.9
Air Magic      | 2 |  2.0
Throwing       | |  0.8
Dodging        | |  1.3

Action                     |  1- 3 |  4- 6 |  7- 9 | 10-12 || total
---------------------------+-------+-------+-------+-------++-------
  Melee: Hand axe          |   142 |    63 |    55 |       ||   260
         Tailslap          |    22 |    25 |    59 |    55 ||   161
         Mace              |       |    80 |   207 |       ||   287
         Flail             |       |       |   170 |       ||   170
         War axe           |       |       |    14 |   315 ||   329
  Throw: Dart              |       |     2 |     3 |     8 ||    13
   Cast: Blink             |       |       |    11 |     8 ||    19
         Maxwell's Portabl |       |       |    22 |    32 ||    54
         Teleport Other    |       |       |     2 |    10 ||    12
         Vhi's Electric Ch |       |       |       |    19 ||    19
 Invoke: Bend Time         |       |       |       |     3 ||     3
         Slouch            |       |       |       |     3 ||     3
  Evoke: Wand              |       |       |       |     3 ||     3
    Use: Scroll            |     1 |     4 |    12 |    11 ||    28
         Potion            |       |     3 |     2 |     5 ||    10
   Stab: Sleeping          |       |       |     2 |     2 ||     4
         Paralysed         |       |       |       |     4 ||     4
 Armour: Leather armour    |    14 |    61 |   445 |   374 ||   894
         Chain mail        |   100 |    89 |       |       ||   189
  Dodge: Dodged            |    33 |    58 |   208 |   170 ||   469
  Block: Other             |       |       |       |    75 ||    75
         Reflection        |       |       |       |     1 ||     1

Table legend: (Time is in decaauts)
 A = Elapsed time spent in this place.
 B = Non-inter-level travel time spent in this place.
 C = Inter-level travel time spent in this place.
 D = Time resting spent in this place.
 E = Time spent auto-exploring this place.
 F = Levels seen in this place.
 G = Mean time per level.
                   A        B        C        D        E       F      G
               +--------+--------+--------+--------+--------+-----+--------+
         Total |  18943 |  18110 |    833 |   3487 |  11134 |  15 | 1262.9 |
       Dungeon |  16204 |  15434 |    770 |   3044 |   9749 |  11 | 1473.1 |
        Temple |     21 |     21 |      0 |      0 |      0 |   1 |   21.0 |
          Lair |   2256 |   2194 |     62 |    443 |   1267 |   2 | 1128.0 |
       Ossuary |    461 |    461 |      0 |      0 |    117 |   1 |  461.0 |
               +--------+--------+--------+--------+--------+-----+--------+

Top non-repeatable levels by time:
    D:10: 2694 daAuts
     D:8: 2394 daAuts
     D:9: 2028 daAuts
     D:4: 1941 daAuts
  Lair:1: 1920 daAuts
     D:5: 1588 daAuts
     D:6: 1439 daAuts
     D:7: 1318 daAuts
     D:1: 1125 daAuts
     D:2: 818 daAuts
     D:3: 788 daAuts
 Ossuary: 461 daAuts
  Lair:2: 335 daAuts
    D:11: 66 daAuts
  Temple: 21 daAuts
